AoeStats
← 👑 SyL

Arena

509362471Analyzed
1v1 RM · 6d ago on Sep 26, 2026· 47m 59s· 2 players
Game mode
Random Map
Map size
Tiny (2 player)
Population
200
Speed
Normal
Resources
Standard
Victory
Conquest
Starting age
Dark Age
Ending age
Imperial Age
RankedLock teamsTeams togetherTeam positionsShared explorationLock speedFull tech treeHidden civsTurbo modeCheats
Victory
Defeat
🇷🇴 Bulgarians · Romania
330
+23
🇩🇪 Britons · Germany
495
-23
👑 SyL
10:51 Feudal Age
11:14 Horse Collar
11:23 Double-Bit Axe
14:17 Gold Mining
14:18 Stone Mining
19:12 Scale Mail Armor
19:19 Scale Barding Armor
19:25 Forging
21:29 Castle Age
19:40 Padded Archer Armor
21:13 Fletching
22:24 Squires
22:14 Loom
23:12 Chain Mail Armor
23:40 Iron Casting
23:30 Chain Barding Armor
26:40 Loom
27:31 Wheelbarrow
26:41 Town Watch
30:17 Stirrups
31:08 Bow Saw
31:00 Heavy Plow
31:04 Town Patrol
31:25 Hand Cart
32:09 Bodkin Arrow
35:17 Stone Shaft Mining
35:21 Gold Shaft Mining
38:17 Imperial Age
37:05 Redemption
38:11 Husbandry
38:21 Bloodlines
37:32 Light Cavalry
38:31 Leather Archer Armor
39:35 Crop Rotation
39:49 Plate Barding Armor
40:45 Plate Mail Armor
39:39 Cavalier
40:13 Hussar
43:56 Elite Skirmisher
44:43 Thumb Ring
45:04 Parthian Tactics
46:14 Heavy Cavalry Archer
weltkaiser
13:35 Feudal Age
14:21 Horse Collar
14:41 Double-Bit Axe
17:21 Gold Mining
18:49 Wheelbarrow
24:38 Castle Age
23:28 Padded Archer Armor
23:34 Fletching
24:47 Crossbowman
27:07 Heavy Plow
30:04 Bow Saw
32:09 Stone Mining
32:54 Gold Shaft Mining
34:47 Ballistics
38:06 Murder Holes
Connection lost

Rejoining the realm…

Still unreachable

The connection could not be restored.

Session expired

The server has moved on; the page needs a fresh start.